 Dungeon Crawl Stone Soup version 0.13-a0-2450-ga447c6a (webtiles) character file.

661 Rycklaryybbe the Grave Robber (level 6, 0/45 HPs)
             Began as a Draconian Necromancer on July 17, 2013.
             Was an Initiate of Ashenzari.
             Slain by disskorpion's ghost (7 damage)
             ... on Level 4 of the Dungeon.
             The game lasted 00:17:47 (4747 turns).

Rycklaryybbe the Grave Robber (DrNe)                Turns: 4747, Time: 00:17:47

HP   0/45        AC  6     Str 10      XL: 6   Next: 47%
MP  10/15        EV 10     Int 18      God: Ashenzari [......]
Gold 278         SH  4     Dex  8 (11) Spells:  4 memorised,  5 levels left

Res.Fire  : . . .   See Invis. : .   e - +3,+1 orc falchion (drain)
Res.Cold  : . . .   Warding    : .   (armour unavailable)
Life Prot.: . . .   Conserve   : .   v - -1 elf buckler
Res.Poison: .       Res.Corr.  : .   (helmet restricted)
Res.Elec. : .       Clarity    : .   (no cloak)
Sust.Abil.: . .     Spirit.Shd : .   (no gloves)
Res.Mut.  : .       Stasis     : .   (no boots)
Res.Rott. : .       Flight     : .   (no amulet)
Saprovore : . . .                    (no ring)
                                     G - +0,+6 ring of slaying

@: about to teleport, very slightly contaminated, drained, slightly resistant to
hostile enchantments, unstealthy
A: unfitting armour, AC +6
a: Renounce Religion


You were on level 4 of the Dungeon.
You worshipped Ashenzari.
Ashenzari was noncommittal.
You were hungry.

You visited 2 branches of the dungeon, and saw 6 of its levels.

You collected 258 gold pieces.

Inventory:

Hand weapons
 e - a +3,+1 orcish falchion of draining (weapon)
 f - a +0,+0 dagger
 l - a +0,-1 orcish hand axe (quivered)
 o - a +0,+0 spear
Missiles
 z - 3 darts
Armour
 v - a -1 elven buckler (worn)
Magical devices
 i - a wand of fireball (4) {unknown}
 m - a wand of enslavement (4) {unknown}
 D - a wand of paralysis (13) {unknown}
Comestibles
 c - 2 bread rations
 k - a meat ration
Scrolls
 a - a scroll of enchant armour {unknown}
 d - 3 scrolls of fog
 g - 4 scrolls of remove curse
 h - a scroll of teleportation
 n - a scroll of identify
 p - a scroll of enchant weapon II {unknown}
 s - 2 scrolls of magic mapping {unknown}
 w - a scroll of curse weapon
 y - a scroll of amnesia {unknown}
 B - a scroll of noise
 E - a scroll of recharging {unknown}
Jewellery
 G - a +0,+6 ring of slaying (left hand)
Potions
 j - a potion of flight
Books
 b - a book of Necromancy

   Spells                             Type                      Level
   *Pain                              Necromancy                   1
   Animate Skeleton                   Necromancy                   1
   *Lethal Infusion                   Charms/Necromancy            2
   *Vampiric Draining                 Necromancy                   3
   *Regeneration                      Charms/Necromancy            3
   Animate Dead                       Necromancy                   4
   Control Undead                     Necromancy                   4


   Skills:
 - Level 1.7(1.6) Dodging
 - Level 1.7(1.6) Stealth
 + Level 4.6(4.5) Spellcasting
 + Level 5.9(5.8) Necromancy


You had 5 spell levels left.
You knew the following spells:

 Your Spells              Type           Power        Failure   Level  Hunger
a - Pain                  Necr           ####         1%          1    None
b - Lethal Infusion       Chrm/Necr      ##........   10%         2    #......
c - Regeneration          Chrm/Necr      ##........   17%         3    ###....
d - Vampiric Draining     Necr           ####......   6%          3    ###....


Dungeon Overview and Level Annotations

Branches:
Dungeon (5/27)             Temple (1/1) D:4

Altars:
Ashenzari
Cheibriados
Fedhas
Kikubaaqudgha
Makhleb
Nemelex Xobeh
Okawaru
Sif Muna
Trog
Vehumet
Xom
Zin

Annotations
D:4 Eustachio; disskorpion's ghost, average FeTm


Message History

Your tail-slap misses disskorpion's ghost.
Disskorpion's ghost is moderately damaged.
Disskorpion's ghost closely misses you. Disskorpion's ghost barely misses you.
You miss disskorpion's ghost.
Your tail-slap misses disskorpion's ghost.
Disskorpion's ghost is moderately damaged.
Disskorpion's ghost hits you! Disskorpion's ghost hits you.
* * * LOW HITPOINT WARNING * * *
You miss disskorpion's ghost.
Disskorpion's ghost is moderately damaged.
Disskorpion's ghost hits you.
* * * LOW HITPOINT WARNING * * *
Drink which item? (? for menu, Esc to quit)
Okay, then.
Read which item? (? for menu, Esc to quit)
As you read the scroll of teleportation, it crumbles to dust.
You feel strangely unstable. Disskorpion's ghost closely misses you.
Disskorpion's ghost hits you!
You die...

......#.......# .#
......#%####.## .#
.......#.......# .#
............#.###.#
..................#
##.#####.##.#.##..#
#...........#
#sf#.##.#.#...#
#.##....@p....#
#.#...........# .
#..##..##...#
#.##..##..##...#
.##...##..##...#
##..#.##..##...#
##........##...#
#.....)...##...#####
#.#...#.#.##.......#


You could see disskorpion's ghost.

Vanquished Creatures
  A phantom (D:4)
  Sigmund (D:3)
  An orc wizard (D:3)
  A quasit (D:4)
  An iguana (D:4)
  Jessica (D:2)
  A jelly (D:5)
  Ijyb (D:3)
  5 adders
  2 worms
  An ooze (D:2)
  8 orcs
  6 bats
  A bat skeleton (D:4)
  3 giant cockroaches
  6 goblins
  12 hobgoblins
  2 quokkas
  6 giant geckos
  A giant gecko skeleton (D:5)
  A giant newt (D:2)
  4 jackals (D:1)
  9 kobolds
  10 rats
85 creatures vanquished.

Vanquished Creatures (others)
  A hobgoblin (D:1)
  A giant newt (D:1)
  A fungus (D:4)
3 creatures vanquished.

Grand Total: 88 creatures vanquished

Notes
Turn   | Place    | Note
--------------------------------------------------------------
     0 | D:1      | Rycklaryybbe, the Draconian Necromancer, began the quest for the Orb.
     0 | D:1      | Reached XP level 1. HP: 14/14 MP: 3/3
   528 | D:1      | Reached XP level 2. HP: 11/20 MP: 1/5
   686 | D:1      | Learned a level 2 spell: Lethal Infusion
  1536 | D:1      | Reached XP level 3. HP: 23/26 MP: 4/7
  1707 | D:2      | Learned a level 3 spell: Regeneration
  2068 | D:2      | Noticed Jessica
  2072 | D:2      | Killed Jessica
  2072 | D:2      | Reached XP level 4. HP: 31/33 MP: 9/9
  2679 | D:3      | Noticed Ijyb
  2697 | D:3      | Killed Ijyb
  2844 | D:3      | Learned a level 3 spell: Vampiric Draining
  3163 | D:3      | Reached XP level 5. HP: 34/38 MP: 8/11
  3230 | D:3      | Noticed Sigmund
  3241 | D:3      | Killed Sigmund
  3241 | D:3      | Reached skill level 5 in Necromancy
  3673 | D:4      | Found a staircase to the Ecumenical Temple.
  3689 | Temple   | Entered the Ecumenical Temple
  3901 | Temple   | Became a worshipper of Ashenzari the Shackled
  3942 | D:4      | Noticed Eustachio
  3990 | D:5      | Entered Level 5 of the Dungeon
  4237 | D:5      | Reached XP level 6. HP: 21/45 MP: 11/14
  4400 | D:4      | Noticed a phantom
  4449 | D:4      | Killed a phantom
  4719 | D:4      | Noticed disskorpion's ghost (average FeTm)
  4747 | D:4      | Slain by disskorpion's ghost

Action                   |  1- 3 |  4- 6 || total
-------------------------+-------+-------++-------
Melee: Dagger            |    24 |       ||    24
       Unarmed           |     8 |       ||     8
       Hand axe          |    89 |   165 ||   254
       Falchion          |       |    14 ||    14
Throw: Dagger            |       |     1 ||     1
       Spear             |       |     1 ||     1
 Cast: Pain              |    16 |     7 ||    23
       Lethal Infusion   |     9 |    13 ||    22
       Regeneration      |       |     7 ||     7
  Use: Potion            |     1 |     5 ||     6
       Scroll            |       |    10 ||    10
 Stab: Sleeping          |       |     2 ||     2
